 Dungeon Sprint DCSS version 0.28.0-49-g6dfe1f597d (webtiles) character file.

Game seed: 12132532957337046300

881 JuniperTheExplorer the Fighter (level 8, -14/67 HPs)
             Began as a Djinni Fighter on May 17, 2022.
             Demolished by a polar bear (26 damage)
             ... in the Dungeon (Sprint II: "The Violet Keep of Menkaure").
             The game lasted 00:05:24 (848 turns).

JuniperTheExplorer the Fighter (Djinni Fighter)      Turns: 848, Time: 00:05:26

Health: -14/67     AC:  8    Str: 17    XL:     8   Next: 25%
Gold:   486        EV:  9    Int: 10    God:
                   SH:  6    Dex: 13

rFire   + + .      SeeInvis .   a - +0 trident
rCold   x . .      Faith    .   c - +0 buckler
rNeg    . . .      Spirit   .   b - +0 scale mail
rPois   ∞          Reflect  .   (no helmet)
rElec   .          Harm     .   (no cloak)
rCorr   .          Rampage  .   (no gloves)
Will    .....      NoTele   +   (boots unavailable)
Stlth   ..........              (no amulet)
HPRegen 0.21/turn               (no ring)
MPRegen 0.00/turn               (no ring)

@: flying
A: sickness immunity, fire resistance 2, cold vulnerability 1, float, innate
caster, HP casting, extra vitality 1
a: no special abilities


You were in the Dungeon.
You visited 1 branch You collected 486 gold pieces.

Inventory:

Hand Weapons
 a - a +0 trident (weapon)
Armour
 b - a +0 scale mail (worn)
 c - a +0 buckler (worn)
Scrolls
 i - a scroll of blinking
Potions
 d - a potion of might
 e - a potion of curing
 g - a potion of haste
 h - a potion of berserk rage


   Skills:
 * Level 9.3 Fighting
 * Level 7.4 Polearms
 + Level 9.0 Armour
 + Level 1.4 Dodging
 * Level 1.2 Stealth
 + Level 8.7 Shields


You had one spell level left.
You knew the following spells:

 Your Spells              Type           Power      Damage    Failure   Level
a - Freeze                Ice            0%         1d3       78%         1
b - Passwall              Tmut/Erth      0%         N/A       89%         2
c - Tukima's Dance        Hex            0%         N/A       98%         3
Your spell library was empty.

Dungeon Overview and Level Annotations

Branches:
Dungeon (1/1)

Altars:
Cheibriados
Dithmenos
Elyvilon
Fedhas
Gozag
Hepliaklqana
Kikubaaqudgha
Makhleb
Qazlal
Ru
Sif Muna
Trog
Wu Jian
Xom
Beogh
Jiyva
Lugonu

Shops:
D ?


Innate Abilities, Weirdness & Mutations

You are immune to sickness and miasma.
You are immune to poison.
Your flesh is very heat resistant. (rF++)
You are vulnerable to cold. (rC-)
You float through the air rather than walking.
You learn spells naturally, not from books.
Your magical power is your life essence.
You have superior vitality. (+4 MHP)


Message History

You puncture the polar bear!
You kill the polar bear!
Your Stealth skill increases to level 1!
You puncture the polar bear!
The polar bear is heavily wounded.
The polar bear bites you! You block the polar bear's attack.
The polar bear claws you but does no damage.
Reach: a) +0 trident
Press: ? - help, Dir - move target, f/p - polar bear
Aim: a polar bear (heavily wounded, about 29% to evade your +0 trident)
You reach to attack!
You hit the polar bear.
The polar bear is severely wounded.
You start resting.
The polar bear is engulfed in a cloud of scalding steam.
The polar bear growls angrily.
The polar bear goes berserk!
Reach: a) +0 trident
Press: ? - help, Dir - move target, f - you, p - polar bear
Okay, then.
The polar bear closely misses you.
The polar bear claws you but does no damage.
The polar bear barely misses you. You block the polar bear's attack.
The polar bear claws you but does no damage. x2
The polar bear is engulfed in a cloud of scalding steam. x2
Reach: a) +0 trident
Press: ? - help, Dir - move target, f/p - polar bear
Aim: a polar bear (almost dead, berserk, about 29% to evade your +0 trident)
You reach to attack!
You closely miss the polar bear.
The polar bear is almost dead.
The polar bear rages.
You hear an angry growl.
You hear an angry growl.
You barely miss the polar bear.
The polar bear is severely wounded.
The polar bear bites you!!
* * * LOW HITPOINT WARNING * * *
The polar bear closely misses you. You block the polar bear's attack.
The polar bear bites you!!
You die...

##.##...#....###...##▓▓
#†###.##......≈≈≈≈≈≈≈≈
###†#####≈≈.....÷#+#####
#..#..#≈≈≈≈≈≈≈§.≈#....._
##.#.##≈≈≈≈≈§§≈.≈#...._.
≈##'##≈≈≈≈§§§≈≈§§#..._._
≈≈≈≈≈≈≈≈≈≈≈§§≈§§≈#.._._.
+++#+++#≈≈≈§§≈§≈h#._._._
§§SS§ ##≈≈≈###§@#_._._.
≈≈§§≈≈≈≈##≈≈#.#≈§#._._._
§§§°≈≈≈§≈+≈≈#'#§§#.._._.
≈§§§§§§§##≈≈≈≈≈§§#######
≈§≈≈≈§§###########≈≈≈≈≈≈
###+####○......###≈#####
#.○.......##≈#
..○°○8.....+≈#
#...○..○..####


You could see an ice statue and a polar bear (berserk).

Vanquished Creatures
  A polar bear (D)
  A hornet (D)
  4 necrophages (D)
  4 scorpions (D)
10 creatures vanquished.

Vanquished Creatures (others)
  A yaktaur (D)
  A polar bear (D)
  Menkaure (D)
  A water moccasin (D)
4 creatures vanquished.

Grand Total: 14 creatures vanquished

Notes
Turn   | Place    | Note
-------+----------+-------------------------------------------
     0 | D        | JuniperTheExplorer the Djinni Fighter began the quest for
                  | the Orb.
     0 | D        | Reached XP level 1. HP: 20/20 MP: 0/0
     1 | D        | Noticed a necrophage
     1 | D        | Noticed a necrophage
     1 | D        | Noticed a necrophage
     1 | D        | Noticed a necrophage
    11 | D        | Killed a necrophage
    12 | D        | Reached skill level 5 in Fighting
    12 | D        | Reached skill level 5 in Armour
    12 | D        | Reached skill level 5 in Shields
    12 | D        | Reached XP level 2. HP: 15/28 MP: 0/0
    12 | D        | Reached XP level 3. HP: 17/33 MP: 0/0
    12 | D        | Learned a level 1 spell: Freeze
    12 | D        | Reached XP level 4. HP: 21/39 MP: 0/0
    21 | D        | Killed a necrophage
    22 | D        | Reached XP level 5. HP: 38/46 MP: 0/0
    22 | D        | Learned a level 2 spell: Passwall
    33 | D        | Killed Menkaure
    37 | D        | Killed a necrophage
    38 | D        | Reached XP level 6. HP: 40/53 MP: 0/0
    47 | D        | Killed a necrophage
   221 | D        | Reached skill level 5 in Polearms
   221 | D        | Reached XP level 7. HP: 59/59 MP: 0/0
   221 | D        | Learned a level 3 spell: Tukima's Dance
   312 | D        | Noticed a water moccasin
   329 | D        | Found Xusij's Magic Scroll Shop.
   340 | D        | Found a snail-covered altar of Cheibriados.
   340 | D        | Found a hazy altar of Hepliaklqana.
   342 | D        | Found a viscous altar of Jiyva.
   342 | D        | Found a shadowy altar of Dithmenos.
   342 | D        | Found a stormy altar of Qazlal.
   348 | D        | Found a sacrificial altar of Ru.
   348 | D        | Found a white marble altar of Elyvilon.
   350 | D        | Killed a water moccasin
   351 | D        | Found a corrupted altar of Lugonu.
   351 | D        | Found an ornate altar of the Wu Jian Council.
   351 | D        | Found a blossoming altar of Fedhas.
   354 | D        | Noticed an ice statue
   366 | D        | Found a shimmering altar of Xom.
   366 | D        | Found a bloodstained altar of Trog.
   366 | D        | Found a burning altar of Makhleb.
   368 | D        | Found an opulent altar of Gozag.
   398 | D        | Noticed a polar bear
   398 | D        | Noticed a polar bear
   401 | D        | Noticed a hornet
   417 | D        | Killed a hornet
   418 | D        | Reached skill level 1 in Dodging
   418 | D        | Reached XP level 8. HP: 37/67 MP: 0/0
   436 | D        | Noticed a yaktaur
   502 | D        | Killed a yaktaur
   567 | D        | Noticed a polar bear
   606 | D        | Killed a polar bear
   827 | D        | Killed a polar bear
   828 | D        | Reached skill level 1 in Stealth
   848 | D        | Demolished by a polar bear

Illustrated notes

Levels and vault maps discovered:
D:        the_violet_keep_of_menkaure [sprint2_stairs_cluster_1,
          sprint2_shoproom, sprint2_temple, sprint2_basic_supplies,
          sprint2_obstacle_5, sprint2_obstacle_2, sprint2_obstacle_3,
          sprint2_obstacle_1, sprint2_obstacle_4, sprint2_timed_cluster_1,
          sprint2_smallroom_cluster_1, sprint2_smallroom_final_cluster_1,
          sprint2_transparent_cluster_1, sprint2_second_timed_cluster_1,
          sprint2_sniper_area_1, sprint2_heavy_combat_area_1,
          sprint2_mutation_trap_area_1, sprint2_forest_area_1,
          sprint2_light_combat_area_1, sprint2_behind_water_1,
          sprint2_near_end_vault_1]

Skill      XL: |  1  2  3  4  5  6  7  8 |
---------------+-------------------------+-----
Fighting       | 5 6 7 8 9 |  9.3
Polearms       | 2 3 4 5 6 7 |  7.4
Armour         | 5 6 7 8 9 |  9.0
Shields        | 5 6 7 8 |  8.7
Dodging        | 1 |  1.4
Stealth        | 1 |  1.2

Action                   |  1- 3 |  4- 6 |  7- 9 || total
-------------------------+-------+-------+-------++-------
Melee: Trident           |    10 |    38 |    58 ||   106
  Use: Potion            |       |     1 |       ||     1
Armor: Scale mail        |     4 |    13 |    32 ||    49
Dodge: Dodged            |     2 |    11 |    31 ||    44
Block: Buckler           |     2 |     6 |    21 ||    29
